 Dungeon Crawl Stone Soup version 0.28.0-49-g6dfe1f597d (webtiles) character file.

Game seed: 8133997379232033854

83 Zeld the Stinger (level 4, -4/38 HPs)
             Began as a Naga Venom Mage on May 15, 2022.
             Slain by a black bear (6 damage)
             ... on level 4 of the Dungeon.
             The game lasted 00:04:11 (3719 turns).

Zeld the Stinger (Naga Venom Mage)                  Turns: 3719, Time: 00:04:11

Health: -4/38      AC:  3    Str: 12    XL:     4   Next: 44%
Magic:  0/7        EV: 10    Int: 16    God:
Gold:   74         SH:  0    Dex: 11    Spells: 2/8 levels left

rFire   . . .      SeeInvis +   n - +0 spear (freeze)
rCold   . . .      Faith    .   (no shield)
rNeg    . . .      Spirit   .   a - +0 robe
rPois   +          Reflect  .   g - +0 helmet
rElec   .          Harm     .   (no cloak)
rCorr   .          Rampage  .   (no gloves)
Will    .....                   (no barding)
Stlth   ++........              (no amulet)
HPRegen 0.12/turn               (no ring)
MPRegen 0.10/turn               (no ring)

@: very slow
A: AC +1, large, see invisible, deformed body, poison resistance, slowness 2,
spit poison 1, naga tail 1
a: Spit Poison


You were on level 4 of the Dungeon.
You visited 1 branch of the dungeon, and saw 4 of its levels.

You collected 132 gold pieces.
You spent 58 gold pieces at shops.

Inventory:

Hand Weapons
 n - a +0 spear of freezing (weapon)
Missiles
 h - 3 poisoned darts (quivered)
Armour
 a - a +0 robe (worn)
 g - a +0 helmet (worn)
Jewellery
 m - a ring of protection from cold
Scrolls
 b - a scroll of blinking {unknown}
 d - a scroll of enchant armour {unknown}
 e - 2 scrolls of teleportation {unknown}
 i - 3 scrolls of fear {unknown}
 k - 3 scrolls of vulnerability {unknown}
 l - a scroll of amnesia {unknown}
Potions
 c - a potion of berserk rage {unknown}
 f - 3 potions of curing {unknown}
 j - a potion of haste {unknown}


   Skills:
 * Level 1.4 Fighting
 + Level 0.8 Armour
 + Level 1.9 Dodging
 + Level 3.4 Stealth
 * Level 2.6 Spellcasting
 + Level 0.2 Conjurations
 - Level 1.0 Transmutations
 + Level 0.2 Air Magic
 * Level 4.8 Poison Magic


You had 2 spell levels left.
You knew the following spells:

 Your Spells              Type           Power      Damage    Failure   Level
a - Sting                 Tmut/Pois      44%        1d5       6%          1
b - Poisonous Vapours     Pois/Air       20%        N/A       11%         2
c - Mephitic Cloud        Conj/Pois/Air  7%         N/A       28%         3

Your spell library contained the following spells:

 Spells                   Type           Power      Damage    Failure   Level
 Olgreb's Toxic Radiance  Pois           17%        N/A       26%         4


Dungeon Overview and Level Annotations

Branches:
Dungeon (4/15)
 Temple: D:4-7

Altars:
Ru

Shops:
D:2 *

Annotations:
D:4 1 transporter


Innate Abilities, Weirdness & Mutations

Your serpentine skin is tough. (AC +1)
You have supernaturally acute eyesight. (SInv)
Armour fits poorly on your strangely shaped body.
Your system is resistant to poisons. (rPois)
You cover ground very slowly.
You can spit poison.
You have a snake-like lower body.


Message History

The black bear claws you but does no damage.
Unknown command.
Casting: Poisonous Vapours (safe; 11% risk of failure)
Confirm with . or Enter, or press ? or * to list all spells.
Aiming: Poisonous Vapours (safe; 11% risk of failure)
Press: ? - help, Dir - move target, f/p - black bear
Aim: a black bear (lightly wounded, poisoned) Poisonous vapours surround the black bear!
The black bear looks even sicker.
The black bear bites you!
The black bear claws you but does no damage. x2
Unknown command.
You throw a poisoned dart. The poisoned dart hits the black bear.
The black bear looks even sicker.
The black bear is moderately wounded.
The black bear bites you.
The black bear claws you but does no damage.
The black bear closely misses you.
You are too injured to fight recklessly!
An adder comes into view.
You have got your breath back.
The black bear misses you. The black bear claws you.
The black bear closely misses you. The black bear bites you.
The black bear claws you.
* * * LOW HITPOINT WARNING * * *
The black bear claws you but does no damage.
You see here a poisoned dart.
The black bear goes berserk!
The black bear bites you.
* * * LOW HITPOINT WARNING * * *
The black bear closely misses you. The black bear claws you.
* * * LOW HITPOINT WARNING * * *
Casting: Poisonous Vapours (safe; 11% risk of failure)
Confirm with . or Enter, or press ? or * to list all spells.
Aiming: Sting (safe; 6% risk of failure)
Press: ? - help, Shift-Dir - straight line, f/p - black bear
Aim: a black bear (severely wounded, berserk, poisoned, 79% to hit)
The sting hits the black bear.
The black bear looks even sicker.
The black bear is severely wounded.
The black bear bites you.
You die...

#. ... ##..### .# # ###.##.#
...... ##.##.# .....#.# ....
......
.####..#.#####..####..#
.....#.......##.#.....######
...#...#.#......#.##.......#
..........[.....(<.........#
.........#.....h.###.......#
########..<...@....#.......S
......5##.......[..##......#
.......8#..................#
(......J#..............#.#.#
).......#.....?.#†.$#..#.#.#
$....©?c#©..##.##.........
.......#..###.##........#
......#.#. ............# #.
##.####......#


You could see a black bear (berserk, very poisoned), a centaur and an endoplasm.

Vanquished Creatures
  An adder (D:3)
  An ufetubus (D:4)
  A worm (D:3)
  2 dart slugs
  An orc (D:3)
  5 ball pythons
  4 endoplasms
  4 giant cockroaches
  4 goblins
  3 hobgoblins
  3 jackals (D:1)
  4 quokkas
  10 bats
  3 frilled lizards
  6 kobolds
  A rat (D:3)
53 creatures vanquished.

Notes
Turn   | Place    | Note
-------+----------+-------------------------------------------
     0 | D:1      | Zeld the Naga Venom Mage began the quest for the Orb.
     0 | D:1      | Reached XP level 1. HP: 15/15 MP: 3/3
   364 | D:1      | Reached XP level 2. HP: 22/24 MP: 3/5
   378 | D:1      | Learned a level 2 spell: Poisonous Vapours
  1106 | D:1      | Reached XP level 3. HP: 30/30 MP: 4/6
  1110 | D:1      | Learned a level 3 spell: Mephitic Cloud
  1301 | D:1      | Reached skill level 1 in Fighting
  2246 | D:2      | Found Zetexes's Assorted Antiques.
  2254 | D:2      | Bought a scroll labelled DIHUIG OBLY for 29 gold pieces
  2254 | D:2      | Bought a scroll labelled DIHUIG OBLY for 29 gold pieces
  2754 | D:3      | Found a sacrificial altar of Ru.
  2855 | D:3      | Reached XP level 4. HP: 38/38 MP: 1/7
  3456 | D:4      | Found a transporter.
  3458 | D:4      | Noticed a centaur
  3579 | D:4      | Noticed a black bear
  3719 | D:4      | Slain by a black bear

Illustrated notes

Levels and vault maps discovered:
D:1:      lightli_arrival_lavapool, layout_basic, roderic_serpentine_path
D:2:      layout_rooms, serial_shops, shop
D:3:      layout_loops_ring, nicolae_ru_awakened_eye, item_on_display_a
D:4:      layout_basic, vehumet_statue, gammafunk_temple_overflow_arena

Skill      XL: |  1  2  3 |
---------------+----------+-----
Fighting       | 1 |  1.4
Armour         | |  0.8
Dodging        | |  1.9
Stealth        | |  3.4
Spellcasting   | |  2.6
Conjurations   | |  0.2
Transmutations | |  1.0
Air Magic      | |  0.2
Poison Magic   | |  4.8

Action                   |  1- 3 |  4- 6 || total
-------------------------+-------+-------++-------
Melee: Unarmed           |    60 |     5 ||    65
Throw: Dart              |       |     1 ||     1
 Cast: Sting             |    79 |    18 ||    97
       Poisonous Vapours |       |     7 ||     7
 Abil: Spit Poison       |     5 |     3 ||     8
 Stab: Sleeping          |     1 |       ||     1
Armor: Robe              |    24 |    14 ||    38
Dodge: Dodged            |    73 |    14 ||    87
